 Dungeon Crawl Stone Soup version 0.30-a0-23-ge60ba3568b (webtiles) character file.

Game seed: 5118856463976235633

78 ytrimaz the Insei (level 4, -8/28 HPs)
             Began as an Octopode Transmuter on Aug 25, 2022.
             Killed by an exploding kobold (36 damage)
             ... ignited by their inner flame
             ... on level 3 of the Dungeon.
             The game lasted 00:01:51 (2969 turns).

ytrimaz the Insei (Octopode Transmuter)             Turns: 2969, Time: 00:01:52

Health: -8/28      AC:  1    Str:  9    XL:     4   Next: 36%
Magic:  7/7        EV: 13    Int: 17    God:
Gold:   140        SH:  0    Dex: 12    Spells: 6/7 levels left

rFire   . . .      SeeInvis .      - Unarmed
rCold   . . .      Faith    .    (no shield)
rNeg    . . .      Spirit   .    (helmet restricted)
rPois   .          Reflect  .    (no amulet)
rElec   .          Harm     .    (no ring)
rCorr   .          Rampage  .    (no ring)
Will    .....                    (no ring)
Stlth   ++........               (no ring)
HPRegen 0.09/turn                (no ring)
MPRegen 0.10/turn                (no ring)
                                 (no ring)
                                 (no ring)

@: no status effects
A: almost no armour, amphibious, 8 rings, camouflage 1, gelatinous body 1,
(nimble swimmer 1), tentacles
a: no special abilities


You were on level 3 of the Dungeon.
You visited 1 branch of the dungeon, and saw 3 of its levels.

You collected 140 gold pieces.

Inventory:

Wands
 e - a wand of flame (25)
Scrolls
 c - a scroll of teleportation
Potions
 a - 2 potions of lignification
 b - 3 potions of heal wounds {unknown}
 d - 2 potions of curing {unknown}
 h - a potion of cancellation {unknown}
 i - a potion of attraction {unknown}


   Skills:
 - Level 1.0 Fighting
 * Level 3.1 Dodging
 + Level 4.4 Unarmed Combat
 - Level 2.0 Spellcasting
 - Level 2.0 Transmutations


You had 6 spell levels left.
You knew the following spells:

 Your Spells              Type           Power      Damage    Failure   Level
a - Beastly Appendage     Tmut           16%        N/A       9%          1

Your spell library contained the following spells:

 Spells                   Type           Power      Damage    Failure   Level
 Wereblood                Tmut           8%         N/A       13%         2
 Spider Form              Tmut/Pois      5%         N/A       36%         3
 Ice Form                 Ice/Tmut       5%         N/A       77%         4


Dungeon Overview and Level Annotations

Branches:
Dungeon (3/15)

Altars:
Uskayaw

Shops:
D:1 (


Innate Abilities, Weirdness & Mutations

You cannot wear most types of armour.
You are amphibious.
You can wear up to eight rings at the same time.
Your skin changes colour to match your surroundings (Stealth+).
Your rubbery body absorbs attacks. (AC +1, EV +1)
((You are camouflaged when in or above water. (Stealth+)))
You have tentacles for arms and can constrict up to eight enemies at once.


Message History

A ball python comes into view.
A ball python is nearby!
A ball python is nearby!
A ball python is nearby!
The helpless ball python fails to defend itself.
You tentacle-slap the ball python. You grab the ball python.
You tentacle-slap the ball python.
You kill the ball python!
No target in view!
f - a scroll labelled JOAVOMMU JAHE
Found a hide-covered altar of Uskayaw.
g - a scroll labelled LED GISTEGH
h - a purple potion
Things that are here:
a +0 dagger; a +0 club
i - a white potion You now have 140 gold pieces (gained 10).
Found 6 stones.
You open the door.
A kobold comes into view.
It is wielding a +0 dagger and quivering poisoned darts.
Found a stone staircase leading up.
There is an open door here.
As you read the scroll labelled JOAVOMMU JAHE, it crumbles to dust.
You hear a loud clanging noise!
It was a scroll of noise.
The kobold shouts!
Unknown command.
As you read the scroll labelled LED GISTEGH, it crumbles to dust.
The creatures around you are filled with an inner flame!
It was a scroll of immolation.
A rat comes into view.
Unknown command.
The kobold closely misses you.
You tentacle-slap the kobold but do no damage.
You grab the kobold. You constrict the kobold.
Flame seeps out of the kobold.
The kobold is engulfed in blazing flames.
The kobold explodes!
The fiery explosion engulfs you!!!
Ouch! That really hurt!
You die...

......###.# ####.##
..##.....## ####..##
#.........##
.......####.........#
.###......+.....r...+
.# #...####.........#
.###..## #<......#
.....## #.§§§.# ##.###
#§○@# #.# ##§## #.#
######.### #.#
#........# #.#
#.###..#..(...
#.#######.##.....#####
#................#
#########.##.......
#.###..#.###


You could see a rat.

Vanquished Creatures
  2 adders (D:2)
  2 dart slugs
  5 bats
  7 endoplasms
  A giant cockroach (D:1)
  6 goblins
  9 hobgoblins
  7 kobolds
  2 quokkas
  3 ball pythons
  2 frilled lizards (D:2)
  7 rats
53 creatures vanquished.

Notes
Turn   | Place    | Note
-------+----------+-------------------------------------------
     0 | D:1      | ytrimaz the Octopode Transmuter began the quest for the
                  | Orb.
     0 | D:1      | Reached XP level 1. HP: 13/13 MP: 3/3
   244 | D:1      | Reached XP level 2. HP: 18/18 MP: 3/5
   249 | D:1      | Found Vierphiff's Weapon Shoppe.
   856 | D:1      | Reached XP level 3. HP: 23/23 MP: 4/6
  1179 | D:2      | Reached skill level 4 in Unarmed Combat
  1404 | D:2      | Found a faded altar of an unknown god.
  1884 | D:2      | Reached XP level 4. HP: 24/28 MP: 7/7
  2887 | D:3      | Found a hide-covered altar of Uskayaw.
  2969 | D:3      | Killed by an exploding kobold... ignited by their inner
                  | flame

Illustrated notes

Levels and vault maps discovered:
D:1:      onia_arrival_pyramid, layout_basic, serial_shops,
          nicolae_shop_bloodbath_and_beyond
D:2:      kb_forest_paths, layout_basic, hellmonk_ecumenical_altar_heavens_door,
          nrook_campfire
D:3:      layout_loops_corners, eat_drink_and_be_merry_uskayaw, zin_statuary,
          st_stairs_1

Skill      XL: |  1  2  3  4 |
---------------+-------------+-----
Unarmed Combat | 4 |  4.4
Dodging        | 3 |  3.1
Fighting       | |  1.0
Spellcasting   | |  2.0
Transmutations | |  2.0

Action                   |  1- 3 |  4- 6 || total
-------------------------+-------+-------++-------
Melee: Unarmed           |    78 |    16 ||    94
       Kick              |    15 |     3 ||    18
       Constrict         |    21 |     7 ||    28
       Tentacles         |    11 |     4 ||    15
       Punch             |     2 |     2 ||     4
 Cast: Beastly Appendage |    22 |     5 ||    27
  Use: Scroll            |     1 |     4 ||     5
 Stab: Sleeping          |     5 |     2 ||     7
Armor: Skin              |     8 |     2 ||    10
Dodge: Dodged            |    49 |     9 ||    58

Table legend: (Time is in decaauts)
 A = Elapsed time spent in this place.
 B = Non-inter-level travel time spent in this place.
 C = Inter-level travel time spent in this place.
 D = Time resting spent in this place.
 E = Time spent auto-exploring this place.
 F = Levels seen in this place.
 G = Mean time per level.
                   A        B        C        D        E       F      G
               +--------+--------+--------+--------+--------+-----+--------+
         Total |   2961 |   2941 |     20 |      0 |   2578 |   3 |  987.0 |
       Dungeon |   2961 |   2941 |     20 |      0 |   2578 |   3 |  987.0 |
               +--------+--------+--------+--------+--------+-----+--------+

Top non-repeatable levels by time:
     D:2: 1470 daAuts
     D:1: 1167 daAuts
     D:3: 323 daAuts
